 Dungeon Crawl Stone Soup version 0.19.4-8-ga85b6b9 (console) character file.

25 Grinner the Ducker (level 2, 0/14 HPs)
             Began as a Spriggan Transmuter on Feb 13, 2017.
             Slain by Ijyb (3 damage)
             ... on level 2 of the Dungeon.
             The game lasted 00:02:45 (943 turns).

Grinner the Ducker (Spriggan Transmuter)             Turns: 943, Time: 00:02:46

Health: 0/14       AC:  2    Str:  6    XL:     2   Next: 86%
Magic:  7/7        EV: 19    Int: 14    God:
Gold:   104        SH:  0    Dex: 16    Spells: 2 memorised, 4 levels left

rFire  . . .     SeeInvis +       - Unarmed
rCold  . . .     Gourm    .     b - +0 robe
rNeg   . . .     Faith    .     (shield restricted)
rPois  .         Spirit   .     (helmet restricted)
rElec  .         Reflect  .     (no cloak)
rCorr  .         Harm     .     (gloves unavailable)
MR     .....                    (boots unavailable)
Stlth  +.........               (no amulet)
                                (no ring)
                                (no ring)

@: very quick
A: unfitting armour, see invisible, herbivore 3, speed 3, slow metabolism 2
a: no special abilities


You were on level 2 of the Dungeon.
You were not hungry.

You visited 1 branch of the dungeon, and saw 2 of its levels.

You collected 104 gold pieces.

Inventory:

Missiles
 a - 26 arrows
Armour
 b - a +0 robe (worn)
Scrolls
 e - a scroll of magic mapping {unknown}
 g - a scroll of enchant weapon {unknown}
 i - a scroll of identify {unknown}
 j - a scroll of teleportation {unknown}
Potions
 h - a potion of curing {unknown}
 k - a potion of resistance {unknown}
 m - a potion of agility {unknown}
Books
 c - a book of Changes

   Spells                             Type                      Level
   a - Beastly Appendage              Transmutation                1
   b - Sticks to Snakes               Transmutation                2
   c - Spider Form                    Transmutation/Poison         3
   d - Ice Form                       Ice/Transmutation            4
   e - Blade Hands                    Transmutation                5
Comestibles
 d - 3 bread rations
 f - 7 fruits


   Skills:
 - Level 0.7 Fighting
 * Level 4.2 Dodging
 - Level 2.4 Unarmed Combat
 + Level 3.2 Spellcasting
 + Level 3.1 Transmutations


You had 4 spell levels left.
You knew the following spells:

 Your Spells              Type           Power        Failure   Level  Hunger
d - Sticks to Snakes      Tmut           ##......     12%         2    ##.....
z - Beastly Appendage     Tmut           ##....       10%         1    #......


Dungeon Overview and Level Annotations

Branches:
Dungeon (2/15)

Altars:

Annotations:
D:2 Ijyb


Innate Abilities, Weirdness & Mutations

You are very small and have problems with some larger weapons.
You are too small for most types of armour.
You have supernaturally acute eyesight. (SInv)
You are a herbivore.
You cover ground extremely quickly.
You need consume almost no food.


Message History

Ijyb hits you.
* * * LOW HITPOINT WARNING * * *
You miss Ijyb.
Ijyb is heavily wounded.
Ijyb hits you.
* * * LOW HITPOINT WARNING * * *
You closely miss Ijyb. Your kick misses Ijyb.
Ijyb is heavily wounded.
Ijyb misses you.
You hit Ijyb. You claw Ijyb, but do no damage.
Ijyb is severely wounded.
Ijyb closely misses you.
You closely miss Ijyb. Your kick misses Ijyb.
Ijyb is severely wounded.
Ijyb barely misses you.
You barely miss Ijyb.
Ijyb is severely wounded.
Your talons disappear.
Ijyb hits you.
You die...

.##.... .#.#. ...
#)# #.# #.# #.# .
###g# #. #..@# #.
###.#.###### #.
(.###..†..# # #.
###.#.####.#
#.######. #.## #.
#........ #.# #.#
####..... #.#####.#
##.#.#.
#.....#.##.###.#..#.
#####.#.##....###.#.


You could see Ijyb.

Vanquished Creatures
  A dart slug (D:1)
  A leopard gecko (D:1)
  A ball python (D:1)
  A goblin (D:1)
  2 hobgoblins (D:1)
  3 kobolds
  3 bats (D:1)
  4 frilled lizards
  7 rats (D:1)
23 creatures vanquished.

Vanquished Creatures (collateral kills)
  A hobgoblin (D:1)
1 creature vanquished.

Grand Total: 24 creatures vanquished

Notes
Turn   | Place    | Note
-------+----------+-------------------------------------------
     0 | D:1      | Grinner the Spriggan Transmuter began the quest for the Orb.
     0 | D:1      | Reached XP level 1. HP: 9/9 MP: 5/5
   268 | D:1      | Reached XP level 2. HP: 14/14 MP: 5/7
   319 | D:1      | Reached skill level 4 in Dodging
   599 | D:1      | Learned a level 2 spell: Sticks to Snakes
   902 | D:2      | Noticed Ijyb
   943 | D:2      | Slain by Ijyb

Skill      XL: |  1  2 |
---------------+-------+-----
Spellcasting   | 3 |  3.2
Dodging        | 4 |  4.2
Transmutations | 3 |  3.1
Fighting       | |  0.7
Unarmed Combat | |  2.4

Action                   || total
-------------------------++-------
Melee: Unarmed           ||   122
       Kick              ||    22
       Headbutt          ||     1
 Cast: Beastly Appendage ||    15
       Sticks to Snakes  ||     3
  Use: Potion            ||     1
Armor: Robe              ||     6
Dodge: Dodged            ||   102
